 Dungeon Crawl Stone Soup version 0.31-a0-640-g39d97e502b (webtiles) character file.

Game seed: 13677306844744172915

540 qw the Shooter (level 7, 0/44 HPs)
             Began as a Gargoyle Hunter on Aug 27, 2023.
             Slain by Ijyb
             ... wielding a +0 club
              (2 damage)
             ... on level 3 of the Dungeon.
             The game lasted 00:01:22 (2814 turns).

qw the Shooter (Gargoyle Hunter)                    Turns: 2814, Time: 00:01:22

Health: 0/44       AC:  7    Str: 15    XL:     7   Next: 26%
Magic:  7/7        EV: 12    Int:  9    God:
Gold:   181        SH:  0    Dex: 15    Spells: 6/6 levels left

rFire   . . .        Y - +0 shortbow
rCold   . . .        (shield currently unavailable)
rNeg    + . .        c - +0 leather armour
rPois   inf          (no helmet)
rElec   +            (no cloak)
rCorr   .            (no gloves)
SInv    .            (no boots)
Will    .....        (no amulet)
Stlth   ++           (no ring)
HPRegen 0.27/turn    (no ring)
MPRegen 0.10/turn

%: no passive effects
@: no status effects
A: sickness immunity, AC +4, negative energy resistance 1, electricity
resistance, torment resistance 1, petrification resistance
a: no special abilities


You were on level 3 of the Dungeon.
You visited 1 branch of the dungeon, and saw 3 of its levels.

You collected 181 gold pieces.


Innate Abilities, Weirdness & Mutations

You are immune to sickness and miasma.
Your stone body is resilient. (AC +4)
You are immune to poison.
You resist negative energy. (rN+)
You are resistant to electric shocks. (rElec)
You are resistant to unholy torment.
You are immune to petrification.


   Skills:
 - Level 5.2 Fighting
 + Level 7.1 Ranged Weapons
 - Level 2.0 Dodging
 - Level 1.1 Stealth


You had 6 spell levels left.
You didn't know any spells.
Your spell library was empty.

Inventory:

Hand Weapons
 Y - a +0 shortbow (weapon)
Armour
 a - a +0 ring mail
 c - a +0 leather armour (worn)
 g - a scarf of repulsion
Scrolls
 b - 2 scrolls of identify
 d - a scroll of enchant weapon {unknown}
 h - a scroll of torment {unknown}
Potions
 e - a potion of invisibility {unknown}
 f - a potion of enlightenment {unknown}
 i - a potion of attraction {unknown}

Dungeon Overview and Level Annotations

Branches:
Dungeon (3/15)

Altars:
Hepliaklqana
Uskayaw

Annotations:
D:3 exclusions: hound and howler monkey, Ijyb


Message History

You shoot an arrow. The arrow hits Ijyb but does no damage.
Ijyb is moderately wounded.
Ijyb misses you.
You shoot an arrow. The arrow hits Ijyb.
Ijyb is heavily wounded.
Ijyb completely misses you.
You shoot an arrow. The arrow hits Ijyb but does no damage.
Ijyb is heavily wounded.
Ijyb barely misses you. x2
You shoot an arrow. The arrow hits Ijyb.
Ijyb is heavily wounded.
Ijyb closely misses you.
You shoot an arrow. The arrow closely misses Ijyb.
Ijyb hits you with a +0 club.
You shoot an arrow. The arrow barely misses Ijyb.
Ijyb barely misses you.
You shoot an arrow. The arrow hits Ijyb but does no damage.
Ijyb is heavily wounded.
Ijyb zaps a wand.
The puff of flame hits you.
You shoot an arrow. The arrow closely misses Ijyb.
Ijyb misses you.
You shoot an arrow. The arrow closely misses Ijyb.
Ijyb closely misses you.
You shoot an arrow. The arrow hits Ijyb.
Ijyb is severely wounded.
Ijyb hits you with a +0 club.
You shoot an arrow. The arrow hits Ijyb but does no damage.
Ijyb is severely wounded.
Ijyb zaps a wand.
The puff of flame hits you!
You shoot an arrow. The arrow hits Ijyb but does no damage.
Ijyb is severely wounded.
Ijyb zaps a wand.
The puff of flame misses you.
You shoot an arrow. The arrow closely misses Ijyb.
Ijyb hits you with a +0 club.
You shoot an arrow. The arrow hits Ijyb.
Ijyb is almost dead.
Ijyb zaps a wand.
The puff of flame hits you.
You shoot an arrow. The arrow closely misses Ijyb.
Ijyb hits you with a +0 club.
You die...

........# # #........ # #.......g
#)))....# #
#'##################'#
#.......')...))...)..#
#......)#..).#.......# .
#.......#....#.......# #
#########@g''#############
.........................#
###~~~~~~~~~~~~....~~~~~~~)~~~~#
~~~~~~~~~~~~~~~....~~~~~~~~~~~~~
~~~~~~~~~~~~~~~....~~~~~~~~~~~~~
...........................)....
. .......................).....).
#. #.....######.........##.##.)#
#.###..>..............##.##.#....


You could see Ijyb.

Vanquished Creatures
  Sigmund (D:3)
  A sky beast (D:3)
  A kobold brigand (D:3)
  A howler monkey (D:3)
  10 gnolls (D:3)
  An adder (D:2)
  2 worms
  A dart slug (D:1)
  10 orcs (D:3)
  4 ball pythons
  5 bats
  5 endoplasms
  3 giant cockroaches
  2 hobgoblins
  8 jackals
  4 kobolds
  2 quokkas
  6 frilled lizards
  5 goblins
  4 rats
76 creatures vanquished.

Notes
Turn   | Place    | Note
-------+----------+-------------------------------------------
     0 | D:1      | qw the Gargoyle Hunter began the quest for the Orb.
     0 | D:1      | Reached XP level 1. HP: 12/12 MP: 1/1
     0 | D:1      | 0 ||| qw: Version: 0.3-a-74-g0d5e918
     0 | D:1      | 0 ||| qw: Game counter: 187
     0 | D:1      | 0 ||| qw: Melee chars always use a shield: true
     0 | D:1      | 0 ||| qw: God list: Okawaru
     0 | D:1      | 0 ||| qw: Allow faded altars: false
     0 | D:1      | 0 ||| qw: Do Orc after clearing Dungeon:15 true
     0 | D:1      | 0 ||| qw: Do second Lair branch before Depths: true
     0 | D:1      | 0 ||| qw: Lair rune preference: random
     0 | D:1      | 0 ||| qw: Goals: Normal
     0 | D:1      | 0 ||| PLANNING D:1-11
   151 | D:1      | Found a faded altar of an unknown god.
   177 | D:1      | Reached XP level 2. HP: 17/17 MP: 2/2
   446 | D:1      | Reached XP level 3. HP: 21/21 MP: 3/3
   520 | D:1      | Reached skill level 5 in Ranged Weapons
   692 | D:1      | 692 ||| READING scroll labelled UMPUES UGO JYISU.
   696 | D:1      | 696 ||| READING scroll labelled HUKLAPSI BUVELL.
   697 | D:1      | 697 ||| DRINKING 2 metallic sapphire potions.
   705 | D:1      | 705 ||| DROPPING scroll of butterflies.
   706 | D:1      | 706 ||| DROPPING potion of ambrosia.
  1033 | D:2      | Reached skill level 3 in Fighting
  1282 | D:2      | Found a hide-covered altar of Uskayaw.
  1452 | D:2      | 1452 ||| READING 2 scrolls labelled IRI PEUSCHE.
  1453 | D:2      | 1453 ||| DRINKING 2 bubbling black potions.
  1454 | D:2      | 1454 ||| DROPPING potion of degeneration.
  1469 | D:3      | Found a hazy altar of Hepliaklqana.
  1470 | D:3      | 1470 ||| PLANNING SEWER
  1602 | D:3      | Reached XP level 4. HP: 28/28 MP: 4/4
  1684 | D:3      | Noticed a sky beast
  1701 | D:3      | Killed a sky beast
  1702 | D:3      | Reached skill level 6 in Ranged Weapons
  1702 | D:3      | Reached XP level 5. HP: 26/32 MP: 5/5
  1818 | D:3      | 1818 ||| Stepping ~*~*~tactically~*~*~ (outnumbered).
  2127 | D:3      | Noticed Sigmund
  2135 | D:3      | Killed Sigmund
  2136 | D:3      | Reached XP level 6. HP: 22/40 MP: 6/6
  2223 | D:3      | 2223 ||| RIP SEWER
  2225 | D:3      | 2225 ||| PLANNING D:1-11
  2236 | D:3      | 2236 ||| DROPPING ring of wizardry.
  2342 | D:3      | HP: 8/40 [kobold brigand/+0 whip (7)]
  2343 | D:3      | 2343 ||| READING scroll of teleportation.
  2505 | D:3      | Reached XP level 7. HP: 16/44 MP: 7/7
  2537 | D:3      | 2537 ||| FLEEEEING.
  2541 | D:3      | 2541 ||| FLEEEEING.
  2542 | D:3      | 2542 ||| FLEEEEING.
  2543 | D:3      | 2543 ||| FLEEEEING.
  2574 | D:3      | 2574 ||| Stepping ~*~*~tactically~*~*~ (water).
  2575 | D:3      | 2575 ||| FLEEEEING.
  2577 | D:3      | 2577 ||| FLEEEEING.
  2578 | D:3      | 2578 ||| FLEEEEING.
  2579 | D:3      | 2579 ||| FLEEEEING.
  2580 | D:3      | 2580 ||| FLEEEEING.
  2581 | D:3      | 2581 ||| FLEEEEING.
  2582 | D:3      | 2582 ||| FLEEEEING.
  2583 | D:3      | 2583 ||| FLEEEEING.
  2584 | D:3      | 2584 ||| FLEEEEING.
  2585 | D:3      | 2585 ||| FLEEEEING.
  2586 | D:3      | 2586 ||| FLEEEEING.
  2587 | D:3      | 2587 ||| FLEEEEING.
  2588 | D:3      | 2588 ||| FLEEEEING.
  2668 | D:3      | Reached skill level 7 in Ranged Weapons
  2684 | D:3      | 2684 ||| Stepping ~*~*~tactically~*~*~ (outnumbered).
  2689 | D:3      | 2689 ||| Stepping ~*~*~tactically~*~*~ (outnumbered).
  2755 | D:3      | Noticed Ijyb
  2756 | D:3      | 2756 ||| FLEEEEING.
  2810 | D:3      | HP: 7/44 [Ijyb/puff of flame (10)]
  2813 | D:3      | HP: 2/44 [Ijyb/puff of flame (4)]
  2814 | D:3      | Slain by Ijyb

Levels and vault maps discovered:
D:1:      minmay_arrival_nine_rooms, layout_loops_ring,
          shapermc_ecumenical_altar_pompeii
D:2:      layout_basic, basic_altar, grunt_ministairs_13, corexii_hall_statues_i
D:3:      lemuel_castle_with_subvaults [lemuel_castle_interior_carwin_3],
          layout_basic, mainiacjoe_overflow_concentric_impassable,
          portal_sewer_entry_d, grunt_decor_junction,
          minmay_misc_feat_secret_circle, uniq_ijyb, uniq_sigmund

Skill      XL: |  1  2  3  4  5  6  7 |
---------------+----------------------+-----
Ranged Weapons | 5 6 7 |  7.1
Fighting       | 3 5 |  5.2
Dodging        | 2 |  2.0
Stealth        | |  1.1

Action                     |  1- 3 |  4- 6 |  7- 9 || total
---------------------------+-------+-------+-------++-------
   Fire: Shortbow          |   110 |   131 |    83 ||   324
    Use: Scroll            |     3 |     1 |       ||     4
         Potion            |     2 |       |       ||     2
 Armour: Leather armour    |    15 |    20 |    10 ||    45
  Dodge: Dodged            |    22 |    48 |    29 ||    99

Table legend:
 A = Non-vault XP
 B = Vault XP
 C = Vault XP percentage of total XP
 D = Non-vault monster count
 E = Vault monster count
 F = Vault count percentage of total count
                 A         B        C        D         E       F
            +---------+---------+-------+---------+---------+-------
      Total |     205 |     567 |  73.4 |      45 |      31 |  40.8
            +---------+---------+-------+---------+---------+-------
        D:1 |      41 |       0 |   0.0 |      24 |       0 |   0.0
        D:2 |      22 |      14 |  38.9 |      12 |       2 |  14.3
        D:3 |     142 |     553 |  79.6 |       9 |      29 |  76.3
            +---------+---------+-------+---------+---------+-------
